 Dungeon Crawl Stone Soup version 0.31-a0-210-gccc998df9b (webtiles) character file.

Game seed: 6880253914235149426

356 qw the Shooter (level 6, -5/52 HPs)
             Began as a Minotaur Hexslinger on June 29, 2023.
             Slain by a lemure (7 damage)
             ... led by Pikel
             ... on level 4 of the Dungeon.
             The game lasted 00:01:12 (3149 turns).

qw the Shooter (Minotaur Hexslinger)                Turns: 3149, Time: 00:01:13

Health: -5/52      AC:  7    Str: 19    XL:     6   Next: 36%
Magic:  6/6        EV: 11    Int: 10    God:
Gold:   144        SH:  0    Dex: 14    Spells: 6/7 levels left

rFire   . . .        Y - +1 sling
rCold   . . .        (no shield)
rNeg    . . .        a - +0 ring mail
rPois   .            (helmet restricted)
rElec   .            (no cloak)
rCorr   .            d - +0 pair of gloves
SInv    .            g - +0 pair of boots
Will    .....        (no amulet)
Stlth   +            e - +6 ring of strength
HPRegen 0.28/turn    (no ring)
MPRegen 0.10/turn

%: no passive effects
@: about to teleport
A: horns 2, retaliatory headbutt
a: no special abilities


You were on level 4 of the Dungeon.
You visited 1 branch of the dungeon, and saw 4 of its levels.

You collected 144 gold pieces.


Innate Abilities, Weirdness & Mutations

You have a pair of horns on your head.
You reflexively headbutt those who attack you in melee.


   Skills:
 - Level 4.0 Fighting
 + Level 6.2 Ranged Weapons
 - Level 1.8 Armour
 - Level 2.1 Dodging
 - Level 1.0 Spellcasting
 - Level 2.0 Hexes


You had 6 spell levels left.
You knew the following spells:

 Your Spells              Type           Power      Damage    Failure   Level
a - Slow                  Hex            16%        N/A       26%         1

Your spell library contained the following spells:

 Spells                   Type           Power      Damage    Failure   Level
 Inner Flame              Hex/Fire       2%         N/A       75%         3
 Portal Projectile        Hex/Tloc       4%         N/A       75%         3
 Cause Fear               Hex            2%         N/A       95%         4

Inventory:

Hand Weapons
 Y - a +1 sling (weapon)
Armour
 a - a +0 ring mail (worn)
 d - a +0 pair of gloves (worn)
 g - a +0 pair of boots (worn)
Jewellery
 e - a +6 ring of strength (left hand)
Scrolls
 b - a scroll of identify
 c - a scroll of enchant armour {unknown}
Potions
 h - a potion of heal wounds {unknown}
 i - a potion of degeneration {unknown}
 j - a potion of might {unknown}
 k - a potion of attraction {unknown}

Dungeon Overview and Level Annotations

Branches:
Dungeon (4/15)
 Temple: D:4-7

Altars:
Ashenzari
Sif Muna

Annotations:
D:4 Pikel


Message History

The lemure barely misses you.
Pikel hits you with a +1 whip of freezing.
Pikel freezes you. Something hits you.
You shoot a sling bullet. The sling bullet barely misses Pikel.
The sling bullet hits the lemure.
The lemure is moderately wounded.
Something hits you but does no damage. The lemure barely misses you.
Pikel barely misses you. You furiously retaliate!
You headbutt Pikel. You shoot a sling bullet.
The sling bullet closely misses Pikel.
The sling bullet barely misses the lemure.
Something hits you but does no damage. Pikel barely misses you.
You furiously retaliate!
You headbutt Pikel! The lemure barely misses you. You furiously retaliate!
You headbutt the lemure! You shoot a sling bullet.
The sling bullet closely misses Pikel.
The sling bullet hits the lemure.
The lemure is moderately wounded.
Something hits you but does no damage. Pikel barely misses you.
You furiously retaliate!
You headbutt Pikel. The lemure closely misses you.
You shoot a sling bullet.
The sling bullet hits Pikel but does no damage.
Pikel is moderately wounded.
Something hits you but does no damage.
Pikel hits you with a +1 whip of freezing.
Pikel freezes you. The lemure barely misses you.
Pikel hits you with a +1 whip of freezing!
Pikel freezes you. Something hits you but does no damage.
The lemure misses you.
You shoot a sling bullet. The sling bullet hits Pikel.
Pikel is heavily wounded.
The lemure hits you. Something hits you. Pikel barely misses you.
You furiously retaliate!
You headbutt Pikel.
3148 ||| READING scroll of teleportation.
As you read the scroll of teleportation, it crumbles to dust.
You feel strangely unstable. Something hits you but does no damage.
Pikel hits you with a +1 whip of freezing!
Pikel freezes you. The lemure hits you but does no damage.
You shoot a sling bullet. The sling bullet closely misses Pikel.
The sling bullet barely misses the lemure.
The lemure hits you!
You die...

......
#.....
#....#
#....#
#....# ###
#.5.5##+###
..#
#.5K5o)....
..# #@# ..#
#.# ..# #.#
..# #.# ..#
#.# ..#####
#.# #
#.....#
#.###+###.#
......####
#.........#
.........#
#......####


You could see Pikel, 4 lemures and an orc.

Vanquished Creatures
  Blork the orc (D:4)
  2 orc priests (D:4)
  A sleepcap (D:3)
  Terence (D:3)
  An orc wizard (D:4)
  3 gnolls (D:3)
  5 adders
  2 worms (D:2)
  3 dart slugs
  6 orcs
  4 endoplasms
  A giant cockroach (D:1)
  6 goblins
  2 hobgoblins
  8 jackals
  6 kobolds
  4 quokkas
  5 ball pythons
  4 bats
  4 frilled lizards (D:1)
  3 rats
72 creatures vanquished.

Notes
Turn   | Place    | Note
-------+----------+-------------------------------------------
     0 | D:1      | qw the Minotaur Hexslinger began the quest for the Orb.
     0 | D:1      | Reached XP level 1. HP: 16/16 MP: 1/1
     0 | D:1      | 0 ||| qw: Version: 0.3-a-24-ga2abf7b
     0 | D:1      | 0 ||| qw: Game counter: 6953
     0 | D:1      | 0 ||| qw: Melee chars always use a shield: true
     0 | D:1      | 0 ||| qw: God list: Okawaru
     0 | D:1      | 0 ||| qw: Allow faded altars: false
     0 | D:1      | 0 ||| qw: Do Orc after clearing Dungeon:15 true
     0 | D:1      | 0 ||| qw: Do second Lair branch before Depths: true
     0 | D:1      | 0 ||| qw: Lair rune preference: random
     0 | D:1      | 0 ||| qw: Goals: Normal
     0 | D:1      | 0 ||| PLANNING D:1-11
   165 | D:1      | Reached skill level 3 in Ranged Weapons
   165 | D:1      | Reached XP level 2. HP: 23/23 MP: 2/2
   688 | D:1      | 688 ||| UPGRADING to +0 pair of gloves.
   693 | D:1      | 693 ||| UPGRADING to +0 leather armour.
   703 | D:1      | 703 ||| DROPPING +0 robe.
   704 | D:1      | 704 ||| UPGRADING to +6 ring of strength.
   705 | D:1      | 705 ||| READING scroll labelled NORRER TUSAMOH.
   710 | D:1      | 710 ||| READING scroll labelled YLICLYOGEQ.
   811 | D:1      | 811 ||| READING scroll labelled JIHAFO QAOCH.
   812 | D:1      | 812 ||| DROPPING scroll of poison.
   913 | D:2      | Reached XP level 3. HP: 23/29 MP: 3/3
  1375 | D:2      | Reached skill level 4 in Ranged Weapons
  1455 | D:2      | 1455 ||| Stepping ~*~*~tactically~*~*~ (outnumbered).
  1631 | D:2      | 1631 ||| FLEEEEING.
  1887 | D:2      | 1887 ||| UPGRADING to +0 ring mail.
  1897 | D:2      | 1897 ||| DROPPING +0 leather armour.
  1921 | D:3      | Reached XP level 4. HP: 36/36 MP: 4/4
  1924 | D:3      | Noticed Terence
  1931 | D:3      | Killed Terence
  1932 | D:3      | Reached skill level 1 in Armour
  2017 | D:3      | Reached skill level 5 in Ranged Weapons
  2155 | D:3      | Reached XP level 5. HP: 42/42 MP: 5/5
  2429 | D:3      | Found a broken altar of Ashenzari.
  2477 | D:3      | Reached skill level 3 in Fighting
  2698 | D:3      | 2698 ||| UPGRADING to +0 pair of boots.
  2703 | D:3      | 2703 ||| DRINKING 2 red potions.
  2704 | D:3      | 2704 ||| READING 3 scrolls of identify.
  2704 | D:3      | 2704 ||| IDENTIFYING fizzy dark potion
  2705 | D:3      | 2705 ||| READING 2 scrolls of identify.
  2705 | D:3      | 2705 ||| IDENTIFYING metallic amethyst potion
  2706 | D:3      | 2706 ||| DROPPING potion of lignification.
  2707 | D:3      | 2707 ||| DROPPING potion of berserk rage.
  2708 | D:3      | 2708 ||| DROPPING potion of brilliance.
  2771 | D:4      | Noticed Blork the orc
  2781 | D:4      | Killed Blork the orc
  2782 | D:4      | Reached skill level 6 in Ranged Weapons
  2782 | D:4      | Reached XP level 6. HP: 47/51 MP: 6/6
  2942 | D:4      | Found a shimmering blue altar of Sif Muna.
  3134 | D:4      | Noticed Pikel
  3147 | D:4      | HP: 12/52 [something (2)]
  3148 | D:4      | 3148 ||| READING scroll of teleportation.
  3148 | D:4      | HP: 2/52 [Pikel/+1 whip of freezing (4)]
  3149 | D:4      | Slain by a lemure

Levels and vault maps discovered:
D:1:      saegor_arrival_simple_c, layout_loops_ring
D:2:      layout_loops_corners
D:3:      layout_basic, ashenzari_altar_1, grunt_ministairs_15, uniq_terence
D:4:      layout_basic, mainiacjoe_overflow_tiny_flanked, uniq_duvessa,
          uniq_pikel, uniq_blork_the_orc

Skill      XL: |  1  2  3  4  5  6 |
---------------+-------------------+-----
Ranged Weapons | 3 4 5 6 |  6.2
Fighting       | 2 3 4 |  4.0
Armour         | 1 |  1.8
Dodging        | |  2.1
Spellcasting   | |  1.0
Hexes          | |  2.0

Action                     |  1- 3 |  4- 6 || total
---------------------------+-------+-------++-------
   Fire: Sling             |   130 |   174 ||   304
    Use: Scroll            |     3 |     3 ||     6
         Potion            |       |     1 ||     1
 Armour: Leather armour    |    13 |       ||    13
         Robe              |     3 |       ||     3
         Ring mail         |       |    52 ||    52
  Dodge: Dodged            |    35 |    62 ||    97

Table legend:
 A = Non-vault XP
 B = Vault XP
 C = Vault XP percentage of total XP
 D = Non-vault monster count
 E = Vault monster count
 F = Vault count percentage of total count
                 A         B        C        D         E       F
            +---------+---------+-------+---------+---------+-------
      Total |     342 |     167 |  32.8 |      68 |       4 |   5.6
            +---------+---------+-------+---------+---------+-------
        D:1 |      38 |       0 |   0.0 |      21 |       0 |   0.0
        D:2 |      57 |       0 |   0.0 |      14 |       0 |   0.0
        D:3 |      89 |      77 |  46.4 |      18 |       3 |  14.3
        D:4 |     158 |      90 |  36.3 |      15 |       1 |   6.2
            +---------+---------+-------+---------+---------+-------
